Cogmind - Beta 15 @@@ ROGUE MODE // 2025.06.08 @ 21:43:11 Player: woegarden Result: Destroyed by Y-45 Defender with Beam Rifle Performance ------------- Evolutions (2) 1000 Regions Visited (6) 1200 Robots Destroyed (23) 115 Value Destroyed (327) 327 Prototype IDs (5) 100 Alien Tech Used (0) 0 Bonus (124) 124 TOTAL SCORE: 2866 Bonus ------- Follower Combat Kills 124 Cogmind --------- Core Integrity 0/550 Matter 199/300 Energy 92/100 System Corruption 7% Temperature Cool (9) Movement Treading (160) Location -8/Storage Parts ------- > --- POWER (1) -------- (None) > --- PROPULSION (3) --- Light Treads Light Treads > --- UTILITY (5) ------ Reaction Control System > --- WEAPON (2) ------- Beam Rifle Scythe > --- INVENTORY (5) ---- Reaction Control System Reaction Control System Peak State ------------ > --- POWER ------------ Heavy Ion Engine > --- PROPULSION ------- Improved VTOL Module Improved VTOL Module > --- UTILITY ---------- Sensor Array Particle Charger Particle Charger Reaction Control System > --- WEAPON ----------- Beamcaster > --- INVENTORY -------- Reaction Control System Reaction Control System Reaction Control System Scythe [Rating: 27] Favorites ----------- Power Light Ion Engine Engine Light Ion Engine Power Core Light Nuclear Core Propulsion Compact Wheel Treads Light Treads Leg Aluminum Leg Wheel Compact Wheel Hover Unit Improved Hover Unit Flight Unit Flight Unit Utility Small Storage Unit Device Seismic Detector Storage Small Storage Unit Protection Improved Utility Shielding Weapon Light Assault Rifle Energy Gun Pulse Rifle Ballistic Gun Light Assault Rifle Special Weapon Mining Laser Slashing Weapon Scythe Special Melee Weapon Datajack Build | -11 -10 -10 -9 -9 -8 -8 ------- Run | Yrd Mat Min Mat Min Mat Sto Slots Evolved 4 | . . . 2 . 2 . Power . | . . . . . . . Propulsion 1 | . . . 1 . . . Utility 3 | . . . 1 . 2 . Weapon . | . . . . . . . Parts Attached 48 | 3 8 1 5 3 12 16 Power 6 | . 1 1 . . 2 2 Engine 5 | . 1 1 . . 1 2 Core 1 | . . . . . 1 . Reactor . | . . . . . . . Propulsion 15 | 2 3 . 3 . 3 4 Treads 2 | . . . . . . 2 Leg . | . . . . . . . Wheel 5 | 2 3 . . . . . Hover 3 | . . . 3 . . . Flight 5 | . . . . . 3 2 Utility 15 | 1 . . 1 2 4 7 Device 13 | 1 . . 1 2 3 6 Storage 1 | . . . . . 1 . Processor . | . . . . . . . Hackware . | . . . . . . . Protection 1 | . . . . . . 1 Artifact . | . . . . . . . Weapon 12 | . 4 . 1 1 3 3 Energy Gun 4 | . . . 1 . 1 2 Energy Cannon . | . . . . . . . Ballistic Gun 5 | . 3 . . . 1 1 Ballistic Cannon . | . . . . . . . Launcher . | . . . . . . . Special Weapon 1 | . 1 . . . . . Impact Weapon . | . . . . . . . Slashing Weapon 1 | . . . . . 1 . Piercing Weapon . | . . . . . . . Special Melee Weapon 1 | . . . . 1 . . Unidentified Prototypes 5 | . . . 1 . . 4 Parts Lost 22 | . 1 2 2 6 5 6 Power 3 | . . . 1 . . 2 Propulsion 8 | . . . . 3 2 3 Utility 6 | . . . 1 1 3 1 Weapon 5 | . 1 2 . 2 . . Highest Loss Streak 6 | . 1 1 3 6 3 5 To Critical Strikes . | . . . . . . . Average Backups 6 | 6 7 8 7 5 3 4 Power . | 1 1 . . . . . Propulsion 2 | 3 2 3 3 3 1 . Utility 2 | . 1 3 3 1 . 1 Weapon . | 1 . . . . 1 2 Tool/Special . | . . . . . . . Unused Backups 9 | . 6 . . . . 3 Power 4 | . 3 . . . . 1 Propulsion 1 | . 1 . . . . . Utility 1 | . . . . . . 1 Weapon 3 | . 2 . . . . 1 Tool/Special . | . . . . . . . Average Slot Usage (%) 78 | . 98 98 59 59 53 59 Engine 9 | . 14 14 1 . 3 7 Wheel 14 | . 28 28 3 . . . Hover 3 | . . . 28 22 . . Flight 5 | . . . . . 13 19 Device 15 | . 14 14 6 24 23 16 Storage 8 | . 14 14 11 4 . . Energy Gun 2 | . . . 9 6 6 . Ballistic Gun 13 | . 21 26 . . 3 . Special Weapon 1 | . 5 . . . . . Slashing Weapon 1 | . . . . . . 6 Peak Build Rating 27 | 8 8 8 17 21 19 27 Average Rating 11 | 6 7 7 12 15 13 19 On Entrance 9 | 6 8 8 6 17 10 9 Naked Turns . | . . . . . . . Heaviest Build 18 | 14 14 11 9 9 15 18 Greatest Support 40 | 20 32 32 32 14 12 40 Greatest Overweight (x) 4 | . . . 1 . 4 2 Average Overweight (x) . | . . . . . . . Largest Inventory Capacity 8 | 8 8 8 8 8 8 5 Average Capacity 7 | 8 8 8 8 5 5 5 Most Carried 8 | 8 8 8 8 6 5 5 Average Carried 6 | 6 7 7 7 4 3 4 Final Capacity 8 | 8 8 8 8 5 5 5 Final Carried 8 | 8 8 8 7 4 5 2 Class Distribution -------------------- 85% | Mutant 9% | Sprinter 5% | Scavenger-Mutant Dominant Class ---------------- Mutant | -10/Materials Mutant | -10/Mines Mutant | -9/Materials Mutant | -9/Mines Mutant | -8/Materials Sprinter | -8/Storage Resources | -11 -10 -10 -9 -9 -8 -8 ----------- Run | Yrd Mat Min Mat Min Mat Sto Matter Collected 803 | 300 89 105 40 25 132 112 Remotely . | . . . . . . . Salvage Created 612 | 226 160 . 69 . 157 . Parts 47 | 21 15 . . . 11 . Haulers Intercepted . | . . . . . . . Recyclers Shooed . | . . . . . . . Parts Field Recycled . | . . . . . . . Retrieved Matter . | . . . . . . . Parts Self-Destructed . | . . . . . . . Prevented . | . . . . . . . Kills | -11 -10 -10 -9 -9 -8 -8 ------- Run | Yrd Mat Min Mat Min Mat Sto Combat Hostiles Destroyed 12 | . 9 . . . 3 . Guns 12 | . 9 . . . 3 . Classes Destroyed 6 | 3 2 . . . 1 . Worker 3 | 2 . . . . 1 . Tunneler 5 | 5 . . . . . . Recycler 2 | 1 . . 1 . . . Watcher 1 | . 1 . . . . . Swarmer 9 | . 9 . . . . . Grunt 3 | . . . . . 3 . Best Kill Streak 6 | 3 6 . 1 . 4 . Combat Bots Only 6 | . 6 . . . 3 . Max Kills in Single Turn 1 | 1 1 . 1 . 1 . Gunslinging . | . . . . . . . Exploded . | . . . . . . . Melee . | . . . . . . . Uniques/NPCs Destroyed . | . . . . . . . Combat | -11 -10 -10 -9 -9 -8 -8 -------- Run | Yrd Mat Min Mat Min Mat Sto Hostile Shots Fired 275 | . 64 24 18 22 31 116 Missed 84 | . 21 4 5 7 8 39 Hits 191 | . 43 20 13 15 23 77 Projectile 191 | . 43 20 13 15 23 77 AOE 2 | . . . . 2 . . Critical Strikes 3 | . . 1 1 1 . . Damage Taken 2455 | . 329 275 216 250 281 1104 Core 916 | . 92 72 88 114 55 495 Absorbed by Shields 67 | . . . . . 67 . Redirected to Shielding 35 | . . . . . . 35 Core Remaining (%) 61 | 100 . 34 . 49 . . Volleys Fired 82 | 27 35 . 2 . 14 4 Largest 2 | 2 2 . 1 . 2 1 Hottest 88 | 40 40 . 40 . 88 75 Shots Fired 135 | 54 50 . 2 . 25 4 Gun 135 | 54 50 . 2 . 25 4 Cannon . | . . . . . . . Launcher . | . . . . . . . Special . | . . . . . . . Kinetic 115 | 54 50 . . . 11 . Thermal 18 | . . . . . 14 4 Explosive . | . . . . . . . Electromagnetic 2 | . . . 2 . . . Robot Hit Streak 7 | 6 3 . 3 . 7 3 Robot Miss Streak 5 | 3 5 . 1 . 2 1 Penetration Max . | . . . . . . . Secondary Targets 3 | . 3 . . . . . Max Gunslinging Chain 1 | . 1 . . . . . Shots Hit Robots 73 | 26 26 . 1 1 16 3 Core Hits 33 | 12 12 . 1 . 7 1 Critical Kills . | . . . . . . . Critical Parts Destroyed . | . . . . . . . Critical Strikes 1 | . . . . . . 1 Burn 1 | . . . . . . 1 Melee Attacks 3 | . . . . 1 . 2 Impact . | . . . . . . . Slashing 2 | . . . . . . 2 Piercing . | . . . . . . . Sneak Attacks . | . . . . . . . Combat Hostiles . | . . . . . . . Follow-up Attacks . | . . . . . . . Damage Inflicted 1017 | 291 270 8 94 7 279 68 Guns 913 | 291 266 . 13 . 279 64 Cannons . | . . . . . . . Explosions 81 | . . . 81 . . . Melee . | . . . . . . . Ramming 23 | . 4 8 . 7 . 4 Kinetic 643 | 291 266 . . . 86 . Thermal 338 | . . . 81 . 193 64 Explosive . | . . . . . . . Electromagnetic 13 | . . . 13 . . . Impact . | . . . . . . . Slashing . | . . . . . . . Piercing . | . . . . . . . Highest Corruption 7 | . . . . . 2 7 Average Corruption 3 | . . . . . 1 4 Corruption Purged . | . . . . . . . Corruption Blocked . | . . . . . . . Effects 9 | . . . . . 2 7 Message Errors 1 | . . . . . . 1 Matter Fused 3 | . . . . . 1 2 Heat Flow Errors 1 | . . . . . . 1 Energy Discharges 3 | . . . . . 1 2 Data Loss (major) 1 | . . . . . . 1 Overload Shots . | . . . . . . . Overflow Damage . | . . . . . . . Projectiles . | . . . . . . . Explosions . | . . . . . . . Melee . | . . . . . . . Knockbacks . | . . . . . . . Impact . | . . . . . . . Kinetic . | . . . . . . . Secondary . | . . . . . . . Self-Inflicted Damage 32 | . 2 4 22 3 . 1 Shots 1 | . . . 1 . . . Rammed 10 | . 1 2 . 4 . 3 Targets Rammed 10 | . 1 2 . 4 . 3 Kicked . | . . . . . . . Crushed . | . . . . . . . Highest Temperature 126 | . . 7 7 8 126 97 Average Temperature 35 | . . 7 4 8 39 38 Received Heat Transfer 681 | . . 174 81 81 102 243 Siege Activations . | . . . . . . . Martial Activations . | . . . . . . . Shielding Activations . | . . . . . . . Robots Disrupted . | . . . . . . . Combat Hostiles . | . . . . . . . Robots Corrupted . | . . . . . . . Combat Hostiles . | . . . . . . . Parts Fried . | . . . . . . . Impact Corruptions . | . . . . . . . Robots Melted . | . . . . . . . Combat Hostiles . | . . . . . . . Parts Melted . | . . . . . . . Heat Transferred 692 | . . . 100 . 407 185 Parts Sabotaged . | . . . . . . . Parts Stolen . | . . . . . . . Parts Stripped . | . . . . . . . Power Chain Reactions 1 | . . . 1 . . . Alert | -11 -10 -10 -9 -9 -8 -8 ------- Run | Yrd Mat Min Mat Min Mat Sto Maximum Alert Level . | . . . . . . . Low Security (%) 100 | 100 100 100 100 100 100 100 Level 1 . | . . . . . . . Level 2 . | . . . . . . . Level 3 . | . . . . . . . Level 4 . | . . . . . . . Level 5 . | . . . . . . . High Security . | . . . . . . . Max Security . | . . . . . . . Peak Influence 154 | 15 135 59 20 5 96 154 Initial 19 | . . 19 14 . 1 6 Average 38 | 2 68 14 5 . 39 90 Influence Increases 963 | 40 232 156 56 15 136 328 Destroy 0b10 Robot/C 320 | . 180 20 . . 60 60 Destroy 0b10 Robot/NC 55 | 40 5 . 5 . 5 . Destroy Leader 72 | . 32 . . . 10 30 Allied During Kill 13 | . . 1 . . . 12 Disable Machine 45 | . . . . . 15 30 Destroy Structure 8 | . . . 6 . 1 1 Partial Spotted 60 | . . . . . . 60 Lose Combat Pursuer 390 | . 15 135 45 15 45 135 Influence Decreases 849 | 40 180 171 93 10 125 230 Entered New Map 70 | . . 33 23 . 4 10 Time Decay 605 | 40 170 98 56 10 91 140 Lost Part 134 | . 10 20 14 . 30 60 Lost Ally 40 | . . 20 . . . 20 Squads Dispatched 4 | . . . . . 1 3 Investigation . | . . . . . . . Extermination . | . . . . . . . Reinforcement 2 | . . . . . 1 1 Assault 2 | . . . . . . 2 Garrison . | . . . . . . . Intercept . | . . . . . . . Searches Triggered . | . . . . . . . Construction Impeded . | . . . . . . . Haulers Reinforced . | . . . . . . . Active Scanning Responses . | . . . . . . . Cargo Convoy Interrupts . | . . . . . . . Stealth | -11 -10 -10 -9 -9 -8 -8 --------- Run | Yrd Mat Min Mat Min Mat Sto Distress Signals 3 | . . . . . 1 2 Communications Jammed . | . . . . . . . Distress Signals . | . . . . . . . Times Spotted 65 | . 11 11 2 11 14 16 Peak Tracking Total 13 | . 6 4 3 11 6 13 Tactical Retreats 16 | . 1 4 3 1 2 5 Traps | -11 -10 -10 -9 -9 -8 -8 ------- Run | Yrd Mat Min Mat Min Mat Sto Traps Triggered 4 | . . . . . 2 2 Indirectly . | . . . . . . . Trap Hack Attempts . | . . . . . . . Triggered . | . . . . . . . Disarmed . | . . . . . . . Reprogrammed . | . . . . . . . Reused . | . . . . . . . Traps Extracted . | . . . . . . . Installed . | . . . . . . . Triggered . | . . . . . . . Machines | -11 -10 -10 -9 -9 -8 -8 ---------- Run | Yrd Mat Min Mat Min Mat Sto Machines Disabled 3 | . . . . . 1 2 Max in Single Turn 1 | . . . . . 1 1 Machines Repaired . | . . . . . . . Machines Dismantled . | . . . . . . . Machines Sabotaged . | . . . . . . . Overloaded Fab Kills . | . . . . . . . Hacking | -11 -10 -10 -9 -9 -8 -8 --------- Run | Yrd Mat Min Mat Min Mat Sto Machines Accessed 2 | . . . . . 1 1 Terminals 2 | . . . . . 1 1 Fabricators . | . . . . . . . Repair Stations . | . . . . . . . Recycling Units . | . . . . . . . Scanalyzers . | . . . . . . . Garrison Access . | . . . . . . . Total Hacks 2 | . . . . . 1 1 Successful 2 | . . . . . 1 1 Failed . | . . . . . . . Catastrophic . | . . . . . . . Database Lockouts . | . . . . . . . Manual . | . . . . . . . Terminals 2 | . . . . . 1 1 Fabricators . | . . . . . . . Repair Stations . | . . . . . . . Recycling Units . | . . . . . . . Scanalyzers . | . . . . . . . Garrison Access . | . . . . . . . Terminal Hacks 2 | . . . . . 1 1 Open Door 1 | . . . . . . 1 Alert Level 1 | . . . . . 1 . Fabricator Hacks . | . . . . . . . Repair Station Hacks . | . . . . . . . Recycling Unit Hacks . | . . . . . . . Scanalyzer . | . . . . . . . Garrison Access Hacks . | . . . . . . . Unauthorized Hacks . | . . . . . . . Terminals . | . . . . . . . Fabricators . | . . . . . . . Repair Stations . | . . . . . . . Recycling Units . | . . . . . . . Scanalyzers . | . . . . . . . Garrison Access . | . . . . . . . Data Cores Recovered . | . . . . . . . Used . | . . . . . . . Hacking Detections 1 | . . . . . 1 . Full Trace Events . | . . . . . . . Feedback Events . | . . . . . . . Feedback Blocked . | . . . . . . . Robot Schematics Acquired . | . . . . . . . Robots Built . | . . . . . . . Authchips . | . . . . . . . Time . | . . . . . . . Total Robot Build Rating . | . . . . . . . Part Schematics Acquired . | . . . . . . . Parts Built . | . . . . . . . Authchips . | . . . . . . . Time . | . . . . . . . Total Part Build Rating . | . . . . . . . Parts Repaired . | . . . . . . . Time . | . . . . . . . Parts Recycled . | . . . . . . . Recycled Matter . | . . . . . . . Retrieved Matter . | . . . . . . . Retrieved Components . | . . . . . . . Parts Scanalyzed . | . . . . . . . Part Schematics Acquired . | . . . . . . . Parts Damaged . | . . . . . . . Bothacking | -11 -10 -10 -9 -9 -8 -8 ------------ Run | Yrd Mat Min Mat Min Mat Sto Used RIF Installer . | . . . . . . . Robots Hacked . | . . . . . . . Non-combat . | . . . . . . . Combat . | . . . . . . . Robot Hacks Applied . | . . . . . . . Relay Couplers Released . | . . . . . . . Fabnet Peak Effective % . | . . . . . . . Robots Rewired . | . . . . . . . Allies Hacked . | . . . . . . . Hacks Repelled . | . . . . . . . Allies | -11 -10 -10 -9 -9 -8 -8 -------- Run | Yrd Mat Min Mat Min Mat Sto Total Allies 5 | . . 3 . . . 2 Largest Group 3 | . . 3 . . . 2 Highest-Rated Group 62 | . . 40 . . . 62 Highest-Rated Ally 31 | . . 16 . . . 31 Total Orders . | . . . . . . . Ally Attacks 21 | . . 14 . . . 7 Total Damage 242 | . . 139 . . . 103 Kills 4 | . . 1 . . . 3 Allies Corrupted . | . . . . . . . Allies Melted . | . . . . . . . Intel | -11 -10 -10 -9 -9 -8 -8 ------- Run | Yrd Mat Min Mat Min Mat Sto Active Infowar (turns) 1595 | 65 364 504 97 23 292 250 Sensors 627 | . . . 85 . 292 250 Terrain 6 | . . . . 6 . . Structural 97 | . . . . 23 74 . Seismic 945 | 65 364 504 12 . . . Robot Analysis Total . | . . . . . . . Derelict Logs Recovered 3 | . . 2 . 1 . . Drone Launches . | . . . . . . . Drone Recoveries . | . . . . . . . Exploration | -11 -10 -10 -9 -9 -8 -8 ------------- Run | Yrd Mat Min Mat Min Mat Sto Turns Passed 1840 | 171 364 504 182 40 293 286 Spaces Moved 1906 | 83 281 468 214 56 311 493 Core 39 | . . . . 12 25 2 Treads 8 | . . . . . . 8 Legs 42 | 42 . . . . . . Wheels 807 | 41 281 468 17 . . . Hover 241 | . . . 197 44 . . Flight 769 | . . . . . 286 483 Fastest Speed 30 | 80 80 100 52 50 34 30 Average Speed 74 | 100 90 100 78 55 62 44 Slowest Speed 250 | 120 100 100 120 60 250 200 Overloaded Moves . | . . . . . . . Propulsion Burnouts . | . . . . . . . Robots Hopped 9 | . . . . . 1 8 Potential Cave-ins . | . . . . . . . Cave-ins Triggered . | . . . . . . . Exploration Rate (%) 32 | 5 34 73 21 20 19 52 Regions Visited 6 Branch Regions 3 Pre-discovered Areas 1 | . . 1 . . . . Known Exits Taken 1 | . . . 1 . . . Unknown Exits Taken 5 | 1 1 1 . 1 1 . Scrap Searched 2 | . . 2 . . . . Spaces Dug . | . . . . . . . Terrain Destroyed 6 | . . . 6 . . . Melee . | . . . . . . . Projectile . | . . . . . . . AOE 6 | . . . 6 . . . Terrain Rammed . | . . . . . . . Walls Destroyed . | . . . . . . . Machines Disabled . | . . . . . . . Actions | -11 -10 -10 -9 -9 -8 -8 --------- Run | Yrd Mat Min Mat Min Mat Sto Total 2202 | 125 349 503 225 64 387 549 Wait 87 | 1 6 31 3 . 35 11 Move 1882 | 82 280 467 213 55 308 477 Hop 9 | . . . . . 1 8 Pick Up 26 | 7 8 1 . . 5 5 Fast Attach 26 | 1 2 . 4 . 5 14 Attach 20 | 2 . . 1 3 9 5 Detach 10 | . . . . . 6 4 Swap 9 | . 6 1 . . 1 1 Drop 38 | 5 11 1 2 1 3 15 Fire 82 | 27 35 . 2 . 14 4 Melee 3 | . . . . 1 . 2 Ram 10 | . 1 2 . 4 . 3 Kick . | . . . . . . . Crush . | . . . . . . . Escape Stasis . | . . . . . . . Rewire . | . . . . . . . Trap . | . . . . . . . Miscellaneous . | . . . . . . . Route ------- -11/Scrapyard -10/Materials (discovered 2 exits: [*Min] / [*Sub]) -10/Mines (discovered 2 exits: *Mat x2) -9/Materials (discovered 2 exits: *Min x2) -9/Mines -8/Materials -8/Storage History --------- Turn | Location | Event 24 | -11/Scrapyard | Discovered new exit (range 1) 172 | -11/Scrapyard | Entered Materials 286 | -10/Materials | Discovered new exit (range 13) 386 | -10/Materials | Discovered new exit (range 9) 536 | -10/Materials | Entered Mines 543 | -10/Mines | Met a Derelict bent on vengeance 619 | -10/Mines | Build established: Mutant 628 | -10/Mines | Found a damaged Exp. Sensor Array with a note attached 633 | -10/Mines | Found Prototype Device 654 | -10/Mines | Discovered new exit (range 3) 662 | -10/Mines | Received a Rocket Launcher from a helpful Derelict 691 | -10/Mines | Assisted by bots powering up and referring to "LRC-V3" 802 | -10/Mines | Discovered new exit (range 13) 822 | -10/Mines | A weapon hastily lodged in a ceiling crevice suddenly fell to the ground 831 | -10/Mines | Lost 3 allies 911 | -10/Mines | Core integrity fell below 50% 1040 | -10/Mines | Entered Materials 1040 | -9/Materials | Evolved 2 slots: Propulsion x1, Utility x1 1041 | -9/Materials | Identified exit to Mines 1086 | -9/Materials | Lost 3 parts (1p1u1w) 1137 | -9/Materials | Identified Exp. Sensor Array 1222 | -9/Materials | Entered Mines 1223 | -9/Mines | Assembled infested the area 1225 | -9/Mines | Learned Materials security intel 1259 | -9/Mines | Discovered new exit (range 6) 1260 | -9/Mines | Core integrity fell below 50% 1262 | -9/Mines | Entered Materials 1262 | -8/Materials | Evolved 2 slots: Utility x2 1283 | -8/Materials | Lost 6 parts (3n1u2w) 1537 | -8/Materials | Discovered new exit (range 16) 1555 | -8/Materials | Entered Storage 1562 | -8/Storage | Lost 3 parts (2n1u) 1614 | -8/Storage | Met a pair of Derelict thieves 1775 | -8/Storage | Core integrity fell below 50% 1813 | -8/Storage | Core integrity fell below 20% 1841 | -8/Storage | Destroyed by Y-45 Defender with Beam Rifle Last Messages --------------- 01804_ Imp. VTOL Module destroyed. 01804_ Dropped Particle Charger. 01805_ Dropped Sensor Array. 01806_ Dropped Reaction Control System. 01806_ R-06 Scavenger collects Reaction Control System. 01806_ Dropped Beamcaster. 01812_ Slammed into Y-45 Defender. 01813_ Destabilizing: System corrupted (+1). 01814_ Slammed into Y-45 Defender. 01815_ Penetrated by Slug. 01815_ Imp. VTOL Module destroyed. 01815_ Y-45 Defender destroyed. 01818_ Acquired Lgt. Treads. 01819_ System corrupted: Substantial component data lost. 01821_ Acquired Lgt. Treads. 01823_ Acquired 54 matter. 01826_ Acquired Beam Rifle. 01832_ Hvy. Ion Engine destroyed. Map ----- +----------------------------------------------------+ | +^ ^#??????# """"" #?# #??????????????????????? | | # #??????# """"" #?# #??????????????????????? | | # #??????#| #?# #??????????????????????? | | # ##?????# """"" #?# #??????????????????????? | | # T#?????# """"" #?# #??????????????????????? | | # ##????## """"" #?# #??????????????????????? | | # #?????# #?# #??????????????????????? | | # ############+####?# #??????????????????????? | | # # #???# #??????????????????????? | | # # """" """ #???# #??????????????????????? | | + + """" "R" ##### #??????????????????????? | | # # """" " " / #??????????????????????? | | # + """" ## #??????????????????????? | | # # ## #??????????????????????? | | + ##### ########## #??????????????????????? | | ##+##???###????????# #??????????????????????? | | ? ???????????????# mY #??????????????????????? | | ? ???????????????# Yh #??????????????????????? | | ??????????????#####Y###?????????????????????? | | "??????????????????# ##????????????????????? | | ""?????????????????# T#????????????????????? | | ""?????????????????# ##????????????????????? | | """????????????????#! #?????????????????????? | | ""?????????????????#! !#?????????????????????? | | ??????????????????#!! #?????????????????????? | | ####??????????????????#!@ #?????????????????????? | | #??????????????????????#####?????????????????????? | | ?????????????????????????????????????????????????? | | ?????????????????????????????????????????????????? | | ?????????????????????????????????????????????????? | | ?????????????????????????????????????????????????? | | ?????????????????????????????????????????????????? | | ?????????????????????????????????????????????????? | | | | | | | | | | | | | | | | | | | | | | | | | | | | | | | | | | | +----------------------------------------------------+ Best States ------------- Heat Dissipation 45 Energy Generation 14 Energy Capacity 280 Matter Stores 300 Matter Capacity 300 Sight Range 16 Robot Scan Range 20 Terrain Scan Range 16 Terrain Scan Density 10 Utility Shielding 66 Evasion (%) 71 Recoil Reduction 2 Particle Charging 22 Item Schematics ----------------- None Robot Schematics ------------------ None Fabricated ------------ Nothing Repaired ---------- Nothing Alien Tech Used ----------------- None Achievements -------------- None Challenges ------------ None Game ------ Seed LatentSubatomicInitializer Manual? 0 Play Time 00:28:02 Cumulative 107.9 hours Start 2025.06.08 @ 21:15:32 End 2025.06.08 @ 21:43:11 Sessions 1 Manual Loads 0 Difficulty Rogue Special Mode None Game No. 184 Rogue 138 Adventurer 45 Explorer 1 Win Type - Total 0 Types 0/0/0/0/0/0/0/0/0/0 Lore% 21 Gallery% 42 Achievement% 36 Wizard Run 0 Options --------- Layout 1 ASCII 0 Keyboard 0 Movement Mouse Keybinds 0 Fullscreen 1 Font 24/Smallcaps Map View 50x35 Zoom Use 0% Tactical HUD 1 Map Filters NONE Filters LOW_CONTRAST(13,24,33)|BRIGHTNESS(90)|SATURATION(87) Steam 1 RUN: 66aa74fc-9104-400b-93b2-567c81f25730